 Dungeon Crawl Stone Soup version 0.26-a0-537-g96b2eae49b (webtiles) character file.

Game seed: 18263105316858552442

198 MrRokkomies the Skirmisher (level 5, 0/47 HPs)
             Began as a Demigod Wanderer on Aug 14, 2020.
             Killed from afar by an orc wizard (6 damage)
             ... with a puff of frost
             ... on level 3 of the Dungeon.
             The game lasted 00:04:14 (2757 turns).

MrRokkomies the Skirmisher (Demigod Wanderer)       Turns: 2757, Time: 00:04:15

Health: 0/47       AC:  9    Str: 12    XL:     5   Next: 22%
Magic:  7/7        EV:  9    Int: 20    God:
Gold:   177        SH:  0    Dex: 16    Spells: 4/4 levels left

rFire    . . .     SeeInvis .   a - +2 hand crossbow
rCold    . . .     Faith    .   (no shield)
rNeg     . . .     Spirit   .   q - +0 scale mail
rPois    .         Reflect  .   k - +0 helmet
rElec    .         Harm     .   (no cloak)
rCorr    .                      f - +0 pair of gloves
MR       .....                  o - +0 pair of boots
Stlth    ..........             (no amulet)
HPRegen  0.15/turn              (no ring)
MPRegen  0.10/turn              (no ring)

@: no status effects
A: high mp 1
a: no special abilities


You were on level 3 of the Dungeon.
You visited 1 branch of the dungeon, and saw 3 of its levels.

You collected 177 gold pieces.

Inventory:

Hand Weapons
 a - a +2 hand crossbow (weapon)
 b - a +0 flail of draining
Missiles
 c - 14 bolts (quivered)
Armour
 f - a +0 pair of gloves (worn)
 k - a +0 helmet (worn)
 o - a +0 pair of boots (worn)
 q - a +0 scale mail (worn)
Wands
 l - a wand of flame (18)
Scrolls
 e - a scroll of identify
Potions
 d - a potion of lignification
 g - a potion of degeneration {unknown}
 h - a potion of berserk rage
 i - 2 potions of resistance
 j - 2 potions of mutation
 p - a potion of cancellation {unknown}


   Skills:
 * Level 4.4 Fighting
 * Level 3.9 Crossbows
 - Level 1.0 Throwing
 + Level 1.8 Armour
 + Level 2.1 Dodging
 - Level 1.0 Evocations


You had 4 spell levels left.
You didn't know any spells.
Your spell library was empty.

Dungeon Overview and Level Annotations

Branches:
Dungeon (3/15)


Innate Abilities, Weirdness & Mutations

You have an increased reservoir of magic. (+10% MP)


Message History

You are too injured to fight recklessly!
You are too injured to fight recklessly!
Unknown command.
Okay, then.
Okay, then.
The orc hits you but does no damage.
You see here a +0 ring mail.
You hear some strange, mumbled words.
A puff of flame appears from out of thin air!
The puff of flame hits you!
* * * LOW HITPOINT WARNING * * *
You feel better. Something hits you but does no damage.
A magic dart appears from out of thin air!
The magic dart hits you.
* * * LOW HITPOINT WARNING * * *
There is a stone staircase leading up here.
A puff of frost appears from out of thin air!
The puff of frost hits you.
You die...

.....#....#.##.#..
#..........#.#.# #....####..#.#.#
#.......#..#.#)#######
###...###.#.............
............##{#.#######
.##.#...................
.##.....#.####.#.#######
.#####..# # #{#@# ## ..#
#o########## . ###. #o....o....#
#.[######.####.o.o......######.##
#...........#........[..(.......
#......................###.#....
+...............................
#......................###.###
#.............).............


There were no monsters in sight!

Vanquished Creatures
  2 orc priests (D:3)
  An orc wizard (D:3)
  5 adders
  A worm (D:2)
  A dart slug (D:2)
  9 orcs
  3 giant cockroaches
  8 goblins
  4 hobgoblins
  4 jackals (D:2)
  3 kobolds
  2 bats
  2 frilled lizards (D:2)
  3 rats
48 creatures vanquished.

Notes
Turn   | Place    | Note
-------+----------+-------------------------------------------
     0 | D:1      | MrRokkomies the Demigod Wanderer began the quest for the
                  | Orb.
     0 | D:1      | MrRokkomies set off with the following items: a +2 hand
                  | crossbow, 28 bolts, a +0 hand axe, a potion of
                  | lignification, a +0 robe
     0 | D:1      | Reached XP level 1. HP: 19/19 MP: 3/3
   200 | D:1      | Found a snail-covered altar of Cheibriados.
   708 | D:1      | Reached XP level 2. HP: 27/27 MP: 4/4
  1214 | D:2      | Reached skill level 1 in Dodging
  1277 | D:2      | Reached XP level 3. HP: 33/33 MP: 5/5
  1774 | D:2      | Reached skill level 4 in Fighting
  2510 | D:3      | Reached XP level 4. HP: 36/40 MP: 6/6
  2567 | D:3      | Reached XP level 5. HP: 47/47 MP: 7/7
  2636 | D:3      | Found an iron altar of Okawaru.
  2729 | D:3      | Noticed an orc warrior
  2748 | D:3      | HP: 1/47 [something/puff of flame (11)]
  2757 | D:3      | Killed from afar by an orc wizard

Illustrated notes

Levels and vault maps discovered:
D:1:      grunt_arrival_crossed_arrows, layout_basic, hex_medium,
          cheibriados_altar_1
D:2:      layout_loops_ring
D:3:      layout_basic, marbit_many_paths

Skill      XL: |  1  2  3  4 |
---------------+-------------+-----
Crossbows      | 2 3 |  3.9
Dodging        | 1 2 |  2.1
Fighting       | 4 |  4.4
Throwing       | |  1.0
Armour         | |  1.8
Evocations     | |  1.0

Action                   |  1- 3 |  4- 6 || total
-------------------------+-------+-------++-------
Melee: Hand axe          |    13 |       ||    13
       Mace              |    20 |       ||    20
       Flail             |    36 |    11 ||    47
 Fire: Hand crossbow     |    34 |    25 ||    59
  Use: Scroll            |     6 |       ||     6
       Potion            |       |     1 ||     1
Armor: Robe              |     9 |       ||     9
       Ring mail         |    34 |     3 ||    37
       Scale mail        |       |    10 ||    10
Dodge: Dodged            |    60 |     8 ||    68

Table legend: (Time is in decaauts)
 A = Elapsed time spent in this place.
 B = Non-inter-level travel time spent in this place.
 C = Inter-level travel time spent in this place.
 D = Time resting spent in this place.
 E = Time spent auto-exploring this place.
 F = Levels seen in this place.
 G = Mean time per level.
                   A        B        C        D        E       F      G
               +--------+--------+--------+--------+--------+-----+--------+
         Total |   2801 |   2719 |     82 |    194 |   2074 |   3 |  933.7 |
       Dungeon |   2801 |   2719 |     82 |    194 |   2074 |   3 |  933.7 |
               +--------+--------+--------+--------+--------+-----+--------+

Top non-repeatable levels by time:
     D:1: 1168 daAuts
     D:2: 1113 daAuts
     D:3: 518 daAuts
